 Dungeon Crawl Stone Soup version 0.26.1-11-gd32895ea62 (webtiles) character file.

Game seed: 2087520610286978755

187 nothank2 the Magician (level 5, -1/37 HPs)
             Began as a Demonspawn Transmuter on June 24, 2021.
             Slain by an orc priest
             ... wielding a +0 mace
              (6 damage)
             ... on level 3 of the Dungeon.
             The game lasted 00:06:53 (2596 turns).

nothank2 the Magician (Demonspawn Transmuter)       Turns: 2596, Time: 00:06:54

Health: -1/37      AC:  3    Str: 11    XL:     5   Next: 39%
Magic:  11/11      EV: 12    Int: 15    God:
Gold:   55         SH:  4    Dex: 13    Spells: 8/12 levels left

rFire    + + .     SeeInvis .   i - +3 short sword (drain)
rCold    x . .     Faith    .   (no shield)
rNeg     . . .     Spirit   .   j - +0 robe (curse)
rPois    .         Reflect  .   (helmet currently unavailable)
rElec    .         Harm     .   (no cloak)
rCorr    .         Rampage  .   m - +0 pair of gloves
Will     .....                  (boots currently unavailable)
Stlth    +.........             (no amulet)
HPRegen  0.12/turn              h - ring of fire
MPRegen  0.12/turn              (no ring)

@: appendages (expiring)
A: claws 1, horns 2, talons 2, large bone plates 1, fire resistance 1
a: End Transformation


You were on level 3 of the Dungeon.
You had grown temporary horns.
You had grown temporary talons.
You visited 1 branch of the dungeon, and saw 3 of its levels.

You collected 55 gold pieces.

Inventory:

Hand Weapons
 i - a +3 short sword of draining (weapon)
Missiles
 d - 11 poisoned darts
Armour
 a - a +0 robe
 j - a cursed +0 robe (worn)
 m - a +0 pair of gloves (worn)
Jewellery
 e - a cursed -4 ring of strength {unknown}
 h - a ring of fire (left hand)
Wands
 f - a wand of paralysis (6)
Scrolls
 b - a scroll of magic mapping
 l - a scroll of fog {unknown}
 o - a scroll of remove curse
Potions
 c - a potion of mutation
 g - a potion of magic {unknown}
 k - 2 potions of cancellation {unknown}
 n - a potion of might {unknown}


   Skills:
 - Level 1.0 Fighting
 - Level 1.0 Short Blades
 - Level 1.7 Dodging
 - Level 0.5 Shields
 - Level 2.6 Unarmed Combat
 + Level 4.0 Spellcasting
 + Level 3.4 Transmutations


You had 8 spell levels left.
You knew the following spells:

 Your Spells              Type           Power        Failure   Level
a - Beastly Appendage     Tmut           26%          4%          1
b - Spider Form           Tmut/Pois      4%           26%         3

Your spell library contained the following spells:

 Spells                   Type           Power        Failure   Level
 Wereblood                Tmut           13%          7%          2
 Ice Form                 Ice/Tmut       8%           65%         4
 Blade Hands              Tmut           6%           77%         5


Dungeon Overview and Level Annotations

Branches:
Dungeon (3/15)

Altars:


Innate Abilities, Weirdness & Mutations

You have sharp fingernails.
You are partially covered in large bone plates. (SH +4)
Your flesh is heat resistant. (rF+)
You have a pair of horns on your head.
You have razor-sharp toenails.


Message History

You barely miss the orc. You headbutt the orc.
The orc is heavily wounded.
The orc hits you with a +0 flail.
* * * LOW HITPOINT WARNING * * *
You barely miss the orc. Your kick misses the orc.
The orc is heavily wounded.
The orc priest calls upon Beogh to heal the orc.
The orc's wounds heal themselves!
You barely miss the orc. The orc hits you but does no damage.
You closely miss the orc. Your kick misses the orc.
The orc priest hits you with a +0 mace.
* * * LOW HITPOINT WARNING * * *
The orc closely misses you.
You hit the orc priest. You drain the orc priest.
You claw the orc priest, but do no damage.
Your headbutt misses the orc priest.
The orc priest is moderately wounded.
Your transformation is almost over.
The orc priest hits you with a +0 mace.
You die...

..........
##...#####
######## #...#
#......#
#...#######.####.#
+..............#.#
#...#######.##.#)#
##.########.##...#
#..........###..#
############ #@o#
##o# .# .. ...
...# ...# ##>#


You could see an orc priest (drained) and an orc.

Vanquished Creatures
  A worker ant (D:2)
  4 adders (D:2)
  4 gnolls (D:3)
  An ooze (D:1)
  2 worms
  2 dart slugs
  A leopard gecko (D:2)
  3 orcs (D:3)
  A ball python (D:2)
  3 giant cockroaches
  5 goblins
  9 hobgoblins
  A jackal (D:1)
  5 kobolds
  A quokka (D:2)
  13 bats
  3 frilled lizards
  13 rats
72 creatures vanquished.

Notes
Turn   | Place    | Note
-------+----------+-------------------------------------------
     0 | D:1      | nothank2 the Demonspawn Transmuter began the quest for the
                  | Orb.
     0 | D:1      | Reached XP level 1. HP: 15/15 MP: 3/3
   146 | D:1      | Gained mutation: You are partially covered in large bone
                  | plates. (SH +4) [demonic ancestry]
   146 | D:1      | Reached XP level 2. HP: 21/21 MP: 5/5
   651 | D:1      | Gained mutation: You have sharp fingernails. [demonic
                  | ancestry]
   651 | D:1      | Reached XP level 3. HP: 25/26 MP: 5/7
  1198 | D:1      | Learned a level 3 spell: Spider Form
  1206 | D:2      | Reached skill level 3 in Spellcasting
  1586 | D:2      | Gained mutation: Your flesh is heat resistant. (rF+)
                  | [demonic ancestry]
  1586 | D:2      | Reached XP level 4. HP: 32/32 MP: 6/8
  2011 | D:2      | Reached skill level 1 in Short Blades
  2323 | D:3      | Reached XP level 5. HP: 33/37 MP: 8/10
  2578 | D:3      | Reached skill level 4 in Spellcasting
  2596 | D:3      | Slain by an orc priest

Illustrated notes

Levels and vault maps discovered:
D:1:      scummos_arrival_star, layout_rooms, minmay_split_cup_small
D:2:      layout_loops_cross
D:3:      layout_basic, uniq_robin

Skill      XL: |  1  2  3  4  5 |
---------------+----------------+-----
Transmutations | 2 3 |  3.4
Spellcasting   | 3 4 |  4.0
Short Blades   | 1 |  1.0
Fighting       | |  1.0
Dodging        | |  1.7
Shields        | |  0.5
Unarmed Combat | |  2.6

Action                   |  1- 3 |  4- 6 || total
-------------------------+-------+-------++-------
Melee: Unarmed           |    51 |       ||    51
       Headbutt          |    12 |    10 ||    22
       Kick              |    13 |    10 ||    23
       Short sword       |    38 |    77 ||   115
       Punch             |       |     1 ||     1
 Cast: Beastly Appendage |    26 |    17 ||    43
  Use: Scroll            |     4 |     2 ||     6
 Stab: Sleeping          |     2 |     2 ||     4
Armor: Robe              |    11 |     9 ||    20
Dodge: Dodged            |    62 |    37 ||    99
Block: Other             |    16 |     7 ||    23
